 Dungeon Crawl Stone Soup version 0.29.1-1-gd02db6906a (webtiles) character file.

Game seed: 16933196922866912837

2 Icepheonix32 the Caller (level 1, -1/13 HPs)
             Began as a Merfolk Summoner on Oct 6, 2022.
             Slain by a kobold
             ... wielding a +0 whip
              (4 damage)
             ... on level 1 of the Dungeon.
             The game lasted 00:00:16 (194 turns).

Icepheonix32 the Caller (Merfolk Summoner)           Turns: 194, Time: 00:00:18

Health: -1/13      AC:  2    Str:  8    XL:     1   Next: 30%
Magic:  2/3        EV: 12    Int: 14    God:
Gold:   0          SH:  0    Dex: 14    Spells: 3/4 levels left

rFire   . . .      SeeInvis .   (no weapon)
rCold   . . .      Faith    .   (no shield)
rNeg    . . .      Spirit   .   a - +0 robe
rPois   .          Reflect  .   (no helmet)
rElec   .          Harm     .   (no cloak)
rCorr   .          Rampage  .   (no gloves)
Will    .....                   (no boots)
Stlth   ++........              (no amulet)
HPRegen 0.04/turn               (no ring)
MPRegen 0.08/turn               (no ring)

@: no status effects
A: (nimble swimmer 2), mertail
a: no special abilities


You were on level 1 of the Dungeon.
You visited 1 branch of the dungeon, and saw 1 of its levels.

Inventory:

Armour
 a - a +0 robe (worn)
 c - a +0 leather armour
Potions
 b - a potion of magic
 d - a potion of lignification {unknown}


   Skills:
 + Level 2.6 Dodging
 - Level 2.1 Stealth
 + Level 2.0 Spellcasting
 * Level 4.1 Summonings


You had 3 spell levels left.
You knew the following spells:

 Your Spells              Type           Power      Damage    Failure   Level
a - Summon Small Mammal   Summ           48%        N/A       4%          1

Your spell library contained the following spells:

 Spells                   Type           Power      Damage    Failure   Level
 Call Imp                 Summ           12%        N/A       7%          2
 Call Canine Familiar     Summ           12%        N/A       13%         3
 Summon Guardian Golem    Hex/Summ       7%         N/A       30%         3
 Summon Lightning Spire   Summ/Air       7%         N/A       71%         4


Dungeon Overview and Level Annotations

Branches:
Dungeon (1/15)

Altars:


Innate Abilities, Weirdness & Mutations

((You are very nimble when in or above water. (Stealth+, EV+, Speed+++)))
Your lower body shifts to a powerful aquatic tail in water.


Message History

Key pressed, stopping explore.
Your legs become a tail as you enter the water.
The hobgoblin splashes around in the water.
Something hits the plant.
The plant begins to die.
You hear a splashing noise.
Found a dagger.
You hear a splashing noise. 2 ball pythons come into view.
You hear a splashing noise.
A kobold comes into view. It is wielding a +0 whip.
Found a stone staircase leading down.
You hear a splashing noise.
You swap places.
You swap places.
Your rat bites the plant.
The plant begins to die.
The ball python hisses angrily. x2
The ball python bites you but does no damage.
The ball python grabs you. The ball python constricts you.
You hit the ball python.
The ball python is moderately wounded.
The ball python bites you. The ball python constricts you.
Your rat misses the ball python. The ball python bites you.
You closely miss the ball python.
The ball python is moderately wounded.
The ball python completely misses you. The ball python constricts you.
Your rat bites the ball python.
The ball python barely misses you.
You closely miss the ball python.
The ball python is moderately wounded.
A nearby plant withers and dies.
The ball python bites you. The ball python constricts you.
The ball python bites you.
* * * LOW HITPOINT WARNING * * *
Your rat bites the ball python.
The ball python dies!
The kobold closely misses you.
You escape the ball python's grasp.
You swap places.
The ball python bites your rat but does no damage.
The ball python closely misses your rat.
Your rat bites the ball python.
The ball python dies!
The kobold hits you with a +0 whip.
You die...

........##.###
###.....PPP.P##### #
....#.#P.P~PPP.... .#
###.#..PP~~~PPP# #.##
#.#..~~~≈~~PP####...##
#.##~P~~♣≈♣PP........#
#.##P~~~♣♣≈~P~#.....#
#.#~P~♣♣P♣♣≈~~#.....##
#.#.P♣PPPP~♣≈P@K......
#.PP♣gPPPPP♣≈Pr†...>##
##PP~~~#P~P~♣P†#...##
~.~~P.###P~≈~)##..#
#PP♣ .# ##P~P.. ..#
#P~♣..# .# #.~~.## #
#PP~P# ##PPP#


You could see a kobold and a friendly rat (summoned).

Vanquished Creatures
  A goblin (D:1)
1 creature vanquished.

Vanquished Creatures (collateral kills)
  2 ball pythons (D:1)
2 creatures vanquished.

Vanquished Creatures (others)
  2 plants (D:1)
2 creatures vanquished.

Grand Total: 5 creatures vanquished

Notes
Turn   | Place    | Note
-------+----------+-------------------------------------------
     0 | D:1      | Icepheonix32 the Merfolk Summoner began the quest for the
                  | Orb.
     0 | D:1      | Reached XP level 1. HP: 13/13 MP: 3/3
   194 | D:1      | Slain by a kobold

Illustrated notes

Levels and vault maps discovered:
D:1:      scummos_arrival_simple_crosswalls, layout_loops_corners,
          serial_bayou_lagoon_a, minmay_misc_feat_doors,
          minmay_misc_feat_more_columns

Action                   || total
-------------------------++-------
Melee: Unarmed           ||     6
 Cast: Summon Small Mamm ||     2
Armor: Robe              ||     1
Dodge: Dodged            ||     4
